 Dungeon Crawl Stone Soup version 0.29-a0-553-g81b289dbe5 (webtiles) character file.

Game seed: 17549016053338453385

1813 bande the Chopper (level 9, 0/55 HPs)
             Began as a Gargoyle Fighter on June 6, 2022.
             Slain by Sigmund
             ... wielding a +0 scythe
              (2 damage)
             ... on level 6 of the Dungeon.
             The game lasted 00:09:16 (7095 turns).

bande the Chopper (Gargoyle Fighter)                Turns: 7095, Time: 00:09:16

Health: 0/55       AC: 22    Str: 20    XL:     9   Next: 10%
Magic:  7/7        EV:  6    Int:  9    God:
Gold:   380        SH:  0    Dex: 13    Spells: 8/8 levels left

rFire   . . .      SeeInvis .   a - +0 war axe
rCold   . . .      Faith    .   c - +0 buckler
rNeg    + . .      Spirit   .   h - +0 plate armour
rPois   ∞          Reflect  .   l - +0 helmet
rElec   +          Harm     .   (no cloak)
rCorr   .          Rampage  .   b - +0 pair of gloves
Will    .....                   (no boots)
Stlth   ..........              i - amulet of regeneration
HPRegen 0.98/turn               (no ring)
MPRegen 0.10/turn               (no ring)

@: confused, mighty, ambrosia-drunk
A: sickness immunity, AC +6, negative energy resistance 1, electricity
resistance, torment resistance 1, petrification resistance, low MP 2
a: no special abilities


You were on level 6 of the Dungeon.
You visited 1 branch of the dungeon, and saw 6 of its levels.

You collected 380 gold pieces.

Inventory:

Hand Weapons
 a - a +0 war axe (weapon)
 f - a +0 flail
Armour
 b - a +0 pair of gloves (worn)
 c - a +0 buckler (worn)
 h - a +0 plate armour (worn)
 l - a +0 helmet (worn)
Jewellery
 i - an amulet of regeneration (around neck)
Scrolls
 k - a scroll of teleportation
Potions
 e - 3 potions of flight
 j - 5 potions of curing
 m - a potion of degeneration {unknown}
 n - a potion of haste
 o - a potion of magic {unknown}


   Skills:
 + Level 5.9 Fighting
 + Level 7.7 Axes
 + Level 6.7 Armour
 - Level 1.1 Stealth
 + Level 5.1 Shields


You had 8 spell levels left.
You didn't know any spells.
Your spell library contained the following spells:

 Spells                   Type           Power      Damage    Failure   Level
 Magic Dart               Conj           0%         1d3       100%        1
 Shock                    Conj/Air       0%         1d3       100%        1
 Searing Ray              Conj           0%         2d4       100%        2
 Swiftness                Air            0%         N/A       100%        3
 Airstrike                Air            0%         N/A       100%        4
 Fulminant Prism          Conj/Hex       0%         3d6       100%        4
 Summon Ice Beast         Ice/Summ       0%         N/A       100%        4
 Fireball                 Conj/Fire      0%         3d3       100%        5
 Iskenderun's Battlesphe  Conj           0%         2d6       100%        5
 Summon Mana Viper        Hex/Summ       0%         N/A       100%        5
 Conjure Ball Lightning   Conj/Air       0%         3x3d6     100%        6
 Monstrous Menagerie      Summ           0%         N/A       100%        7
 Orb of Destruction       Conj           0%         9d5       100%        7


Dungeon Overview and Level Annotations

Branches:
Dungeon (6/15)
 Temple: D:4-7

Altars:
Ashenzari
Kikubaaqudgha
Makhleb
Nemelex Xobeh
Xom
Zin

Shops:
D:3 :

Annotations:
D:6 Sigmund


Innate Abilities, Weirdness & Mutations

You are immune to sickness and miasma.
Your stone body is resilient. (AC +6)
You are immune to poison.
You resist negative energy. (rN+)
You are resistant to electric shocks. (rElec)
You are resistant to unholy torment.
You are immune to petrification.
Your magical capacity is very low. (-20% MP)


Message History

You feel invigorated.
The sentinel's mark upon you fades away.
The ogre barely misses you. Something hits you.
The necrophage barely misses you.
You feel very mighty all of a sudden.
The necrophage hits you but does no damage.
The ogre hits you with a +0 giant club! Something completely misses you.
Unknown command.
You're too confused to move!
Something hits you but does no damage.
The ogre hits you with a +0 giant club!!
* * * LOW HITPOINT WARNING * * *
The iguana hisses menacingly.
The necrophage completely misses you.
You slash the ogre!
The ogre is moderately wounded.
You completely miss the necrophage. You miss the iguana. The iguana bites you.
* * * LOW HITPOINT WARNING * * *
The necrophage hits you.
* * * LOW HITPOINT WARNING * * *
Something hits you.
* * * LOW HITPOINT WARNING * * *
The ogre barely misses you.
The necrophage hits you but does no damage.
The iguana completely misses you.
You're too confused to move!
The iguana bites you but does no damage.
Something hits you but does no damage.
The necrophage hits you but does no damage.
The ogre hits you with a +0 giant club!
* * * LOW HITPOINT WARNING * * *
Unknown command.
You bump into the rock wall.
The necrophage barely misses you.
The iguana bites you but does no damage.
You hit the ogre.
The ogre is heavily wounded.
You hit the necrophage. You closely miss the iguana.
The ogre hits you with a +0 giant club!
* * * LOW HITPOINT WARNING * * *
Something hits you.
You die...

#.......# #... .
####......# #.#.#
#.....#.#### #.#.#
#........# ####
#.. . #..##.#..#
....# ### ##
....##....##.....#
..> #............#
.. #.#{ln##.....#
#.##O@# ....#
#........# ####
###.######


You could see an ogre, a necrophage and an iguana.

Vanquished Creatures
  Pikel (D:5)
  Menkaure (D:6)
  2 ice beasts
  2 phantoms (D:5)
  A lemure (D:5)
  A kobold brigand (D:3)
  2 scorpions
  A howler monkey (D:4)
  A hound (D:5)
  An orc priest (D:5)
  2 gnoll shamans
  4 iguanas
  An orc wizard (D:4)
  18 gnolls
  9 adders
  6 worms
  6 dart slugs
  8 orcs
  11 endoplasms
  4 giant cockroaches
  8 goblins
  13 hobgoblins
  3 jackals (D:3)
  A quokka (D:4)
  9 ball pythons
  6 bats
  2 frilled lizards
  43 kobolds
  7 rats
174 creatures vanquished.

Vanquished Creatures (others)
  A worm (D:4)
1 creature vanquished.

Grand Total: 175 creatures vanquished

Notes
Turn   | Place    | Note
-------+----------+-------------------------------------------
     0 | D:1      | bande the Gargoyle Fighter began the quest for the Orb.
     0 | D:1      | Reached XP level 1. HP: 14/14 MP: 1/1
   319 | D:1      | Reached XP level 2. HP: 19/19 MP: 2/2
   435 | D:1      | Reached skill level 2 in Axes
   593 | D:1      | Found a faded altar of an unknown god.
   770 | D:1      | Reached XP level 3. HP: 17/23 MP: 3/3
  1456 | D:2      | Gained mutation: Your magical capacity is low. (-10% MP)
                  | [potion of mutation]
  1456 | D:2      | Gained mutation: Your magical capacity is very low. (-20%
                  | MP) [potion of mutation]
  1856 | D:2      | Reached skill level 1 in Stealth
  1878 | D:2      | Reached XP level 4. HP: 25/29 MP: 3/3
  2252 | D:3      | Found Lealexza's Book Boutique.
  2257 | D:3      | Noticed a scorpion
  2276 | D:3      | Killed a scorpion
  2277 | D:3      | Reached skill level 3 in Axes
  2277 | D:3      | Reached XP level 5. HP: 27/33 MP: 4/4
  2622 | D:3      | Found a burning altar of Makhleb.
  2628 | D:3      | Found a glowing silver altar of Zin.
  2628 | D:3      | Noticed a blizzard demon
  2628 | D:3      | Noticed an angel
  2798 | D:3      | Reached skill level 4 in Axes
  2798 | D:3      | Reached XP level 6. HP: 11/38 MP: 4/4
  3966 | D:3      | Noticed an ice beast
  3980 | D:3      | Killed an ice beast
  3981 | D:3      | Reached XP level 7. HP: 44/44 MP: 5/5
  4507 | D:4      | Reached skill level 5 in Axes
  4923 | D:4      | Found a sparkling altar of Nemelex Xobeh.
  5256 | D:4      | Found a broken altar of Ashenzari.
  5505 | D:4      | Identified the +1 robe of Compassion {rC+ Str+2}
  5512 | D:4      | Reached skill level 5 in Armour
  5823 | D:5      | Entered Level 5 of the Dungeon
  5840 | D:5      | Found an ancient bone altar of Kikubaaqudgha.
  6135 | D:5      | Reached skill level 5 in Fighting
  6167 | D:5      | Noticed Pikel
  6185 | D:5      | Killed Pikel
  6186 | D:5      | Reached skill level 6 in Axes
  6186 | D:5      | Reached XP level 8. HP: 39/50 MP: 6/6
  6235 | D:5      | Found a shimmering altar of Xom.
  6429 | D:5      | Reached skill level 7 in Axes
  6468 | D:5      | Reached skill level 5 in Shields
  7034 | D:6      | Reached XP level 9. HP: 55/55 MP: 7/7
  7068 | D:6      | Noticed Sigmund
  7074 | D:6      | Noticed Menkaure
  7087 | D:6      | Killed Menkaure
  7093 | D:6      | HP: 1/55 [ogre/+0 giant club (8)]
  7095 | D:6      | Slain by Sigmund

Illustrated notes

Levels and vault maps discovered:
D:1:      erik_arrival_cave_to_civilisation [erik_arrival_cave_to_hall],
          layout_basic, ebering_ecumenical_altar_webs
D:2:      layout_loops_ring
D:3:      minmay_goblin_kobold_castle, layout_loops_ring,
          grunt_temple_overflow_order_and_chaos_2, serial_shops,
          nicolae_shop_temple_entry_statues_fountains
D:4:      layout_basic, cheibrodos_ashenzari_chains, mainiacjoe_overflow_paths,
          lemuel_flame_loot_1
D:5:      layout_cave_pods, mainiacjoe_overflow_24_doors, lemuel_crystal_altar,
          uniq_pikel
D:6:      layout_loops_cross, mainiacjoe_overflow_six_doors_small,
          riverfiend_overflow_shadow_ancestor, uniq_menkaure, uniq_sigmund

Skill      XL: |  1  2  3  4  5  6  7  8 |
---------------+-------------------------+-----
Axes           | 2 3 4 6 7 |  7.7
Stealth        | 1 |  1.1
Armour         | 4 5 6 |  6.7
Shields        | 4 5 |  5.1
Fighting       | 4 5 |  5.9

Action                   |  1- 3 |  4- 6 |  7- 9 || total
-------------------------+-------+-------+-------++-------
Melee: War axe           |   110 |   204 |   267 ||   581
  Use: Scroll            |     6 |     1 |     3 ||    10
       Potion            |     1 |     1 |     3 ||     5
Armor: Scale mail        |    16 |       |       ||    16
       Chain mail        |    48 |    13 |       ||    61
       Plate armour      |       |   161 |   255 ||   416
Dodge: Dodged            |    41 |    67 |    80 ||   188
Block: Buckler           |    19 |    54 |    67 ||   140

Table legend: (Time is in decaauts)
 A = Elapsed time spent in this place.
 B = Non-inter-level travel time spent in this place.
 C = Inter-level travel time spent in this place.
 D = Time resting spent in this place.
 E = Time spent auto-exploring this place.
 F = Levels seen in this place.
 G = Mean time per level.
                   A        B        C        D        E       F      G
               +--------+--------+--------+--------+--------+-----+--------+
         Total |   7286 |   7192 |     94 |   1618 |   4073 |   6 | 1214.3 |
       Dungeon |   7286 |   7192 |     94 |   1618 |   4073 |   6 | 1214.3 |
               +--------+--------+--------+--------+--------+-----+--------+

Top non-repeatable levels by time:
     D:3: 2192 daAuts
     D:4: 1507 daAuts
     D:5: 1226 daAuts
     D:1: 1149 daAuts
     D:2: 1131 daAuts
     D:6: 78 daAuts
